 Dungeon Crawl Stone Soup version 0.25-a0-861-g340c9e8194 (webtiles) character file.

Game seed: 6023043252361916474, levelgen mode: deterministic

77 Lugonue the Shooter (level 4, -2/36 HPs)
             Began as a Centaur Hunter on Apr 29, 2020.
             Killed by divine providence
             ... invoked by an orc priest
              (14 damage)
             ... on level 3 of the Dungeon.
             The game lasted 00:02:45 (1501 turns).

Lugonue the Shooter (Centaur Hunter)                Turns: 1501, Time: 00:02:45

Health: -2/36      AC:  4    Str: 15    XL:     4   Next: 13%
Magic:  4/4        EV:  9    Int: 10    God:
Gold:   149        SH:  0    Dex: 10    Spells: 3/3 levels left

rFire    . . .     SeeInvis .   a - +1 shortbow
rCold    . . .     Gourm    .   (shield currently unavailable)
rNeg     . . .     Faith    .   c - +0 leather armour
rPois    .         Spirit   .   (no helmet)
rElec    .         Reflect  .   (no cloak)
rCorr    .         Harm     .   (no gloves)
MR       .....                  (no barding)
Stlth    +.........             (no amulet)
HPRegen  0.12/turn              (no ring)
MPRegen  0.09/turn              (no ring)

@: very quick
A: large, hooves 3, deformed body, speed 2, tough skin 3
a: no special abilities


You were on level 3 of the Dungeon.
You were not hungry.

You visited 1 branch of the dungeon, and saw 3 of its levels.

You collected 149 gold pieces.

Inventory:

Hand Weapons
 a - a +1 shortbow (weapon)
 b - a +0 short sword
Missiles
 d - 23 arrows (quivered)
 q - 5 boomerangs
Armour
 c - a +0 leather armour (worn)
Scrolls
 h - 2 scrolls of remove curse {unknown}
 j - a scroll of enchant armour {unknown}
 k - a scroll of fog {unknown}
 n - a scroll of identify {unknown}
Potions
 e - a potion of haste {unknown}
 g - a potion of degeneration {unknown}
 i - a potion of resistance {unknown}
 l - a potion of brilliance {unknown}
 m - a potion of mutation {unknown}
 o - a potion of stabbing {unknown}
 p - a potion of flight {unknown}
Comestibles
 f - 6 rations


   Skills:
 + Level 2.3 Fighting
 + Level 7.0 Bows
 + Level 0.9 Armour
 + Level 1.4 Dodging
 + Level 0.4 Stealth


You had 3 spell levels left.
You didn't know any spells.
Your spell library was empty.

Dungeon Overview and Level Annotations

Branches:
Dungeon (3/15)

Altars:

Annotations:
D:3 Jessica


Innate Abilities, Weirdness & Mutations

You have hooves in place of feet.
Armour fits poorly on your strangely shaped body.
You cover ground very quickly.
You have extremely tough skin. (AC +3)


Message History

The orc priest is almost dead.
Firing (i - inventory. (/) - cycle)
d - 25 arrows (quivered)
Press: ? - help, Shift-Dir - straight line, f/p - orc priest
Aim: an orc priest, wielding a +0 dagger and wearing a +0 chain mail (almost dead)
You shoot an arrow.
The arrow hits the orc priest but does no damage.
The orc priest is almost dead.
The orc priest hits you with a +0 dagger.
Firing (i - inventory. (/) - cycle)
d - 24 arrows (quivered)
Press: ? - help, Shift-Dir - straight line, f/p - orc priest
Aim: an orc priest, wielding a +0 dagger and wearing a +0 chain mail (almost dead)
You shoot an arrow.
The arrow closely misses the orc priest.
The orc priest calls down the wrath of Beogh upon you.
Beogh smites you!
You are too injured to fight recklessly!
You are too injured to fight recklessly!
The orc priest mumbles some strange prayers to Beogh against you.
Beogh smites you!
You die...

### ..# #.## #.# #...# #.#
#...### ####### #†# #.....[
#.....# #.# #####..)#
#.<...#### #.###.......#
#........# #..@.o(((..(#
#.....##.#####...#..@.(..#
#.....##..†....#.#####...#####.
##############...# #.....)(((
..### #...?.$### #.##
#......... #. ##......## #.
.......# #. #$.>.....


You could see an orc priest and Jessica.

Vanquished Creatures
  Terence (D:2)
  A worm (D:2)
  A dart slug (D:2)
  An orc (D:3)
  6 giant cockroaches
  8 goblins
  2 hobgoblins
  2 quokkas (D:2)
  4 bats
  4 frilled lizards
  9 kobolds
  4 rats
43 creatures vanquished.

Notes
Turn   | Place    | Note
-------+----------+-------------------------------------------
     0 | D:1      | Lugonue the Centaur Hunter began the quest for the Orb.
     0 | D:1      | Reached XP level 1. HP: 17/17 MP: 1/1
   175 | D:1      | Reached XP level 2. HP: 19/24 MP: 2/2
   234 | D:1      | Reached skill level 6 in Bows
   787 | D:2      | Noticed Terence
   809 | D:2      | Killed Terence
   809 | D:2      | Reached XP level 3. HP: 29/29 MP: 3/3
  1019 | D:2      | Reached skill level 7 in Bows
  1072 | D:2      | Reached XP level 4. HP: 36/36 MP: 4/4
  1483 | D:3      | Noticed Jessica
  1501 | D:3      | Killed from afar by an orc priest

Levels and vault maps discovered:
D:1:      minmay_arrival_jagged, layout_loops_cross
D:2:      layout_loops_ring, uniq_terence
D:3:      layout_loops_cross, first_ration, minmay_misc_feat_nine_boxes,
          uniq_jessica

Skill      XL: |  1  2  3 |
---------------+----------+-----
Bows           | 6 7 |  7.0
Fighting       | |  2.3
Armour         | |  0.9
Dodging        | |  1.4
Stealth        | |  0.4

Action                   |  1- 3 |  4- 6 || total
-------------------------+-------+-------++-------
 Fire: Shortbow          |   113 |    38 ||   151
Armor: Leather armour    |     7 |       ||     7
Dodge: Dodged            |    15 |     9 ||    24

Table legend:
 A = Non-vault XP
 B = Vault XP
 C = Vault XP percentage of total XP
 D = Non-vault monster count
 E = Vault monster count
 F = Vault count percentage of total count
                 A         B        C        D         E       F
            +---------+---------+-------+---------+---------+-------
      Total |      74 |      36 |  32.7 |      42 |       1 |   2.3
            +---------+---------+-------+---------+---------+-------
        D:1 |      32 |       0 |   0.0 |      21 |       0 |   0.0
        D:2 |      37 |      36 |  49.3 |      18 |       1 |   5.3
        D:3 |       5 |       0 |   0.0 |       3 |       0 |   0.0
            +---------+---------+-------+---------+---------+-------
